 Dungeon Crawl Stone Soup version 0.31-a0-232-gb1c03b2570 (webtiles) character file.

Game seed: 5161643046422778047

258 qw the Shooter (level 5, 0/45 HPs)
             Began as a Minotaur Hexslinger on July 7, 2023.
             Slain by Sigmund
             ... wielding a +0 scythe
              (7 damage)
             ... on level 3 of the Dungeon.
             The game lasted 00:01:06 (2141 turns).

qw the Shooter (Minotaur Hexslinger)                Turns: 2141, Time: 00:01:06

Health: 0/45       AC:  6    Str: 13    XL:     5   Next: 94%
Magic:  0/5        EV: 11    Int: 10    God:
Gold:   57         SH:  0    Dex: 14    Spells: 5/6 levels left

rFire   . . .        Y - +1 sling
rCold   . . .        (no shield)
rNeg    . . .        j - +0 ring mail
rPois   .            (helmet restricted)
rElec   .            (no cloak)
rCorr   .            h - +0 pair of gloves
SInv    .            (no boots)
Will    .....        f - amulet of guardian spirit
Stlth   +            (no ring)
HPRegen 0.27/turn    (no ring)
MPRegen 0.09/turn

%: guardian spirit
@: no status effects
A: horns 2, retaliatory headbutt
a: no special abilities


You were on level 3 of the Dungeon.
You visited 1 branch of the dungeon, and saw 3 of its levels.

You collected 57 gold pieces.


Innate Abilities, Weirdness & Mutations

You have a pair of horns on your head.
You reflexively headbutt those who attack you in melee.


   Skills:
 + Level 3.5 Fighting
 - Level 6.0 Ranged Weapons
 - Level 1.1 Armour
 - Level 2.1 Dodging
 - Level 1.0 Spellcasting
 - Level 2.0 Hexes


You had 5 spell levels left.
You knew the following spells:

 Your Spells              Type           Power      Damage    Failure   Level
a - Slow                  Hex            16%        N/A       32%         1

Your spell library contained the following spells:

 Spells                   Type           Power      Damage    Failure   Level
 Inner Flame              Hex/Fire       2%         N/A       82%         3
 Portal Projectile        Hex/Tloc       4%         N/A       82%         3
 Cause Fear               Hex            2%         N/A       97%         4

Inventory:

Hand Weapons
 Y - a +1 sling (weapon)
Armour
 h - a +0 pair of gloves (worn)
 j - a +0 ring mail (worn)
Jewellery
 f - an amulet of guardian spirit (around neck)
Potions
 b - a potion of attraction {unknown}
 c - 2 potions of lignification {unknown}
 e - a potion of berserk rage {unknown}
 k - a potion of mutation {unknown}
 l - 2 potions of degeneration {unknown}

Dungeon Overview and Level Annotations

Branches:
Dungeon (3/15)

Altars:

Annotations:
D:3 Sigmund


Message History

2125 ||| STILL FLEEEEING.
2126 ||| STILL FLEEEEING.
Items here: ( )) [.
Enter note:
Enter note:
Enter note:
Enter note:
Enter note:
Enter note:
Enter note:
Enter note:
2127 ||| STILL FLEEEEING.
Something tries to affect you, but you resist.
2128 ||| STILL FLEEEEING.
You shoot a sling bullet. You shoot a sling bullet.
A magic dart appears from out of thin air!
The magic dart hits you but does no damage.
You shoot a sling bullet. Something hits you but does no damage.
You shoot a sling bullet. Something hits you.
You shoot a sling bullet. You shoot a sling bullet.
You hear some strange, mumbled words.
A puff of flame appears from out of thin air!
The puff of flame hits you. Something hits you.
You shoot a sling bullet. You shoot a sling bullet. Something hits you!
You shoot a sling bullet. Something hits you but does no damage.
You shoot a sling bullet. Something hits you.
You shoot a sling bullet. Something hits you.
You shoot a sling bullet. You shoot a sling bullet. Something hits you!
You die...

.##....###........# ......
).)..)............# ......
###......######..##########......
..'......+.......................
###...)..#########..#############
#....).##########..#.....#.....
#...............{#.##.##.#.....
#................#....##.#.....
#####.........@..####....#.....
####............####....#<....
#...........<.........#..#####
#.##.........).....#..........
####.#########........##.........
..##.# #........##.........
..##.# #........##:........
..##.## #........##.........
..#...# #........##..%......


There were no monsters in sight!

Vanquished Creatures
  An orc priest (D:3)
  Terence (D:3)
  Natasha (thrice) (D:2)
  Ijyb (D:3)
  An adder (D:2)
  A worm (D:2)
  A dart slug (D:1)
  6 orcs (D:3)
  6 endoplasms
  5 giant cockroaches
  5 goblins
  8 hobgoblins
  6 jackals
  3 kobolds
  A quokka (D:3)
  12 ball pythons
  7 bats
  3 frilled lizards
  7 rats
78 creatures vanquished.

Notes
Turn   | Place    | Note
-------+----------+-------------------------------------------
     0 | D:1      | qw the Minotaur Hexslinger began the quest for the Orb.
     0 | D:1      | Reached XP level 1. HP: 16/16 MP: 1/1
     0 | D:1      | 0 ||| qw: Version: 0.3-a-46-gb1f654a
     0 | D:1      | 0 ||| qw: Game counter: 2651
     0 | D:1      | 0 ||| qw: Melee chars always use a shield: true
     0 | D:1      | 0 ||| qw: God list: Okawaru
     0 | D:1      | 0 ||| qw: Allow faded altars: false
     0 | D:1      | 0 ||| qw: Do Orc after clearing Dungeon:15 true
     0 | D:1      | 0 ||| qw: Do second Lair branch before Depths: true
     0 | D:1      | 0 ||| qw: Lair rune preference: random
     0 | D:1      | 0 ||| qw: Goals: Normal
     0 | D:1      | 0 ||| PLANNING D:1-11
   133 | D:1      | Reached skill level 3 in Ranged Weapons
   133 | D:1      | Reached XP level 2. HP: 20/23 MP: 2/2
   239 | D:1      | Found a faded altar of an unknown god.
   550 | D:1      | Reached XP level 3. HP: 29/29 MP: 3/3
   592 | D:1      | 592 ||| UPGRADING to +0 pair of gloves.
   597 | D:1      | 597 ||| UPGRADING to +0 ring mail.
   607 | D:1      | 607 ||| DROPPING +0 robe.
   608 | D:1      | 608 ||| UPGRADING to amulet of guardian spirit.
   613 | D:1      | 613 ||| READING scroll labelled PIOQOM YNUT.
   614 | D:1      | 614 ||| READING scroll labelled SUIXZUFR YNEGI.
   615 | D:1      | 615 ||| DROPPING scroll of poison.
   716 | D:2      | Reached skill level 4 in Ranged Weapons
   741 | D:2      | Reached skill level 1 in Armour
   833 | D:2      | Noticed Natasha
   839 | D:2      | Killed Natasha
   840 | D:2      | Reached XP level 4. HP: 34/36 MP: 4/4
   849 | D:2      | Noticed Natasha
   859 | D:2      | Killed Natasha
   860 | D:2      | Reached skill level 5 in Ranged Weapons
   861 | D:2      | Noticed Natasha
   872 | D:2      | Killed Natasha
  1197 | D:2      | Reached XP level 5. HP: 44/44 MP: 5/5
  1338 | D:2      | 1338 ||| READING scroll labelled CETHRUR TODIROMA.
  1339 | D:2      | 1339 ||| READING scroll labelled UNTETI RASTRIRR.
  1340 | D:2      | 1340 ||| READING scroll labelled BAOCIBINKO.
  1344 | D:2      | 1344 ||| READING 2 scrolls labelled XUYPPU JINKU.
  1345 | D:2      | 1345 ||| READING scroll labelled UNYCUDO TOPNUM.
  1346 | D:2      | 1346 ||| DROPPING scroll of immolation.
  1355 | D:3      | Reached skill level 3 in Fighting
  1560 | D:3      | Noticed Ijyb
  1570 | D:3      | 1570 ||| DRINKING potion of curing.
  1570 | D:3      | 1570 ||| (to cure confusion)
  1586 | D:3      | Killed Ijyb
  1769 | D:3      | Reached skill level 6 in Ranged Weapons
  1769 | D:3      | Noticed Terence
  1780 | D:3      | Killed Terence
  2104 | D:3      | Noticed Sigmund
  2115 | D:3      | 2115 ||| READING scroll labelled XOTRUYN TEWN.
  2118 | D:3      | 2118 ||| FLEEEEING.
  2119 | D:3      | 2119 ||| FLEEEEING.
  2136 | D:3      | HP: 9/45 [something (9)]
  2141 | D:3      | Slain by Sigmund

Levels and vault maps discovered:
D:1:      scummos_arrival_simple_crosswalls, layout_basic,
          nicolae_ecumenical_lake_church
D:2:      layout_basic, serial_aquarium, aquarium_bridge_square
          [aquarium_subvault_bridge, aquarium_subvault_bridge,
          aquarium_subvault_window, aquarium_subvault_balcony],
          aquarium_bridge_square [aquarium_subvault_wall,
          aquarium_subvault_bridge, aquarium_subvault_wall,
          aquarium_subvault_wall], aquarium_window_corner,
          aquarium_window_corner, aquarium_window_corridor_2,
          aquarium_window_fake, aquarium_view_2a, uniq_natasha,
          uniq_crazy_yiuf_cottage
D:3:      minmay_general_purpose_star, layout_basic, uniq_sigmund, uniq_ijyb,
          uniq_terence

Skill      XL: |  1  2  3  4  5 |
---------------+----------------+-----
Ranged Weapons | 3 4 5 6 |  6.0
Fighting       | 2 3 |  3.5
Armour         | 1 |  1.1
Dodging        | |  2.1
Spellcasting   | |  1.0
Hexes          | |  2.0

Action                     |  1- 3 |  4- 6 || total
---------------------------+-------+-------++-------
   Fire: Sling             |   121 |   163 ||   284
    Use: Scroll            |     2 |     6 ||     8
         Potion            |       |     1 ||     1
 Armour: Robe              |     8 |       ||     8
         Ring mail         |    19 |    33 ||    52
  Dodge: Dodged            |    34 |    48 ||    82

Table legend:
 A = Non-vault XP
 B = Vault XP
 C = Vault XP percentage of total XP
 D = Non-vault monster count
 E = Vault monster count
 F = Vault count percentage of total count
                 A         B        C        D         E       F
            +---------+---------+-------+---------+---------+-------
      Total |     257 |     112 |  30.4 |      74 |       4 |   5.1
            +---------+---------+-------+---------+---------+-------
        D:1 |      44 |       0 |   0.0 |      26 |       0 |   0.0
        D:2 |     121 |      37 |  23.4 |      23 |       1 |   4.2
        D:3 |      92 |      75 |  44.9 |      25 |       3 |  10.7
            +---------+---------+-------+---------+---------+-------
